 Dungeon Crawl Stone Soup version 0.27.1-33-g824d729ab1 (webtiles) character file.

Game seed: 15298236153185043280

252 Destapler the Covered (level 5, 0/48 HPs)
             Began as a Minotaur Fighter on Dec 6, 2021.
             Was a Follower of Fedhas.
             Slain by a gnoll (1 damage)
             ... on level 3 of the Dungeon.
             The game lasted 00:04:58 (3346 turns).

Destapler the Covered (Minotaur Fighter)            Turns: 3346, Time: 00:04:58

Health: 0/48       AC:  6    Str: 21    XL:     5   Next: 89%
Magic:  4/4        EV:  7    Int:  3    God:    Fedhas [*.....]
Gold:   149        SH: 10    Dex: 10    Spells: 4/4 levels left

rFire    + . .     SeeInvis .   a - +0 war axe
rCold    + . .     Faith    .   c - +0 kite shield
rNeg     . . .     Spirit   .   b - +0 scale mail
rPois    .         Reflect  .   (helmet restricted)
rElec    .         Harm     .   k - scarf {rC+ rF+}
rCorr    .         Rampage  .   h - +0 pair of gloves
Will     .....                  n - +0 pair of boots
Stlth    ..........             (no amulet)
HPRegen  0.16/turn              (no ring)
MPRegen  0.09/turn              (no ring)

@: mighty
A: horns 2, retaliatory headbutt, talons 1, deformed body, dopey 1
a: Renounce Religion


You were on level 3 of the Dungeon.
You worshipped Fedhas.
Fedhas was aware of your devotion.
You visited 1 branch of the dungeon, and saw 3 of its levels.

You collected 149 gold pieces.

Inventory:

Hand Weapons
 a - a +0 war axe (weapon)
Armour
 b - a +0 scale mail (worn)
 c - a +0 kite shield (worn)
 h - a +0 pair of gloves (worn)
 k - a scarf of resistance (worn)
 n - a +0 pair of boots (worn)
Scrolls
 e - 2 scrolls of identify {unknown}
 g - a scroll of immolation {unknown}
 i - 2 scrolls of enchant armour {unknown}
 j - 4 scrolls of amnesia {unknown}
 m - a scroll of fog {unknown}
Potions
 f - a potion of haste
 l - 2 potions of lignification {unknown}
 o - a potion of degeneration {unknown}
 p - a potion of magic {unknown}


   Skills:
 + Level 5.0 Fighting
 + Level 4.2 Axes
 + Level 5.1 Armour
 + Level 5.0 Shields


You had 4 spell levels left.
You didn't know any spells.
Your spell library was empty.

Dungeon Overview and Level Annotations

Branches:
Dungeon (3/15)

Altars:
Fedhas

Shops:
D:1 [

Annotations:
D:3 1 transporter


Innate Abilities, Weirdness & Mutations

You have a pair of horns on your head.
You reflexively headbutt those who attack you in melee.
You have sharp toenails.
Armour fits poorly on your strangely shaped body.
You are dopey. (Int -2)


Message History

The gnoll hits you from afar with a +2 spear of chaos.
You feel drained. You block the gnoll's attack. The gnoll barely misses you.
You hit the gnoll.
The gnoll is heavily wounded.
The gnoll hits you from afar with a +2 spear of chaos!
The gnoll burns you.
The gnoll hits you from afar with a +0 spear.
The gnoll hits you with a +0 club.
The gnoll hits you from afar with a +2 spear of chaos.
You feel very mighty all of a sudden.
You slice the gnoll!!
You kill the gnoll!
Fedhas appreciates your contribution to the ecosystem.
The gnoll hits you from afar with a +0 spear.
The gnoll hits you from afar with a +2 spear of chaos.
* * * LOW HITPOINT WARNING * * *
Your life force feels restored.
Found 16 gold pieces.
The gnoll hits you with a +0 spear.
* * * LOW HITPOINT WARNING * * *
You see here a +0 club.
You are too injured to fight recklessly!
You are too injured to fight recklessly!
You are too injured to fight recklessly!
You are too injured to fight recklessly!
You are too injured to fight recklessly!
You are too injured to fight recklessly!
You are too injured to fight recklessly!
You are too injured to fight recklessly!
You are too injured to fight recklessly!
You slash the gnoll!
The gnoll is heavily wounded.
The gnoll hits you with a +0 spear.
* * * LOW HITPOINT WARNING * * *
The gnoll hits you but does no damage. The gnoll hits you with a +0 spear.
* * * LOW HITPOINT WARNING * * *
You block the gnoll's attack.
You feel mightier all of a sudden. The gnoll hits you with a +0 spear.
You die...
Fedhas appreciates your contribution to the ecosystem.

...........≈≈#..#8###8#..#≈≈.#
....##.##..≈≈# .###.###.##≈≈.#
#.#. #.##..≈≈#g..........#≈≈.#
... #..##.≈≈###.# '##.###≈≈.##
### ###.##.≈≈..#.#$$$#.#..≈≈..#
#......≈≈.##.#. #.##.≈≈..#
#.#.##.≈≈.#..# #..#.≈≈..#
#.#.##.≈≈.##g#####.##.≈≈..#
#......≈≈.[#@#8⌠8#.#......#
#..##..≈≈.©#.(.©.+.#©.....#
#..##..≈≈..#g#P..#.#......#
#####......≈≈.##g##.##.##.≈≈..#
#.......##.≈≈.#..#P.P# ©#.≈≈..#
.....#.....≈≈.##.'...'.##.≈≈..#
#.##.##.##.≈≈..#[#..P#.#..≈≈..#
# #. #.##.≈≈###.##'##.###≈≈..#
#. #.##.##.≈≈#....... ...#≈≈..#


You could see 3 gnolls.

Vanquished Creatures
  A hound (D:3)
  10 gnolls
  5 adders
  A worm (D:2)
  8 ball pythons
  9 bats
  7 endoplasms
  3 giant cockroaches
  10 goblins
  4 hobgoblins
  8 jackals
  A quokka (D:3)
  3 frilled lizards
  4 kobolds
  6 rats
80 creatures vanquished.

Vanquished Creatures (others)
  5 fungi (D:3)
  7 plants (D:3)
12 creatures vanquished.

Grand Total: 92 creatures vanquished

Notes
Turn   | Place    | Note
-------+----------+-------------------------------------------
     0 | D:1      | Destapler the Minotaur Fighter began the quest for the Orb.
     0 | D:1      | Reached XP level 1. HP: 19/19 MP: 0/0
   415 | D:1      | Reached XP level 2. HP: 22/27 MP: 1/1
   801 | D:1      | Found Nangig's Antique Armour Shoppe.
  1196 | D:2      | Reached XP level 3. HP: 33/33 MP: 2/2
  1348 | D:1      | Reached XP level 4. HP: 14/40 MP: 3/3
  2035 | D:2      | Reached XP level 5. HP: 47/47 MP: 4/4
  2437 | D:2      | Gained mutation: You are dopey. (Int -2) [potion of
                  | mutation]
  2437 | D:2      | Gained mutation: You have sharp toenails. [potion of
                  | mutation]
  2437 | D:2      | Gained mutation: Armour fits poorly on your strangely
                  | shaped body. [potion of mutation]
  2644 | D:3      | Found a faded altar of an unknown god.
  2653 | D:3      | Became a worshipper of Fedhas Madash
  2653 | D:3      | Reached * piety under Fedhas
  2661 | D:3      | Reached skill level 5 in Armour
  2959 | D:3      | Reached skill level 5 in Fighting
  2959 | D:3      | Reached skill level 5 in Shields
  3321 | D:3      | Found a transporter.
  3326 | D:3      | Found a transporter.
  3345 | D:3      | HP: 1/48 [gnoll (6)]
  3346 | D:3      | Slain by a gnoll

Illustrated notes

Levels and vault maps discovered:
D:1:      ncdulo_wetmaze, layout_basic, serial_shops, shop, minmay_quantized
D:2:      wad_crossroads, layout_basic, kennysheep_minor_cross
D:3:      layout_loops_cross, gammafunk_ghost_gnarly_gnolls,
          shapermc_ecumenical_altar_mp_urbaneastern

Skill      XL: |  1  2  3  4  5 |
---------------+----------------+-----
Shields        | 4 5 |  5.0
Armour         | 4 5 |  5.1
Fighting       | 4 5 |  5.0
Axes           | 3 4 |  4.2

Action                   |  1- 3 |  4- 6 || total
-------------------------+-------+-------++-------
Melee: War axe           |    71 |   125 ||   196
       Headbutt          |     5 |    17 ||    22
  Use: Potion            |       |     6 ||     6
Armor: Scale mail        |    38 |    65 ||   103
Dodge: Dodged            |    15 |    45 ||    60
Block: Kite shield       |    45 |    76 ||   121
